 Dungeon Crawl Stone Soup version 0.30-a0-462-gd5975efbca (webtiles) character file.

Game seed: 8035937368535775026

1555 NinjaNoafa the Vexing (level 8, 0/43 HPs)
             Began as a Deep Elf Hexslinger on Dec 16, 2022.
             Was an Initiate of Sif Muna.
             Killed by an exploding gnoll (33 damage)
             ... ignited by their inner flame
             ... on level 7 of the Dungeon.
             The game lasted 00:13:38 (6455 turns).

NinjaNoafa the Vexing (Deep Elf Hexslinger)         Turns: 6455, Time: 00:13:39

Health: 0/43       AC:  5    Str: 13    XL:     8   Next: 58%
Magic:  6/17       EV: 17    Int: 21    God:    Sif Muna [......]
Gold:   261        SH:  0    Dex: 15    Spells: 2/17 levels left

rFire   . . .      SeeInvis .    a - +1 sling
rCold   . . .      Faith    .    w - orb {*channel}
rNeg    + + .      Spirit   .    c - +0 robe
rPois   .          Reflect  .    A - +1 hat
rElec   .          Harm     .    q - +1 cloak "Hivis" {rN++}
rCorr   .          Rampage  .    (no gloves)
Will    .....                    (no boots)
Stlth   ++........               (no amulet)
HPRegen 0.27/turn                u - +4 ring of evasion
MPRegen 0.15/turn                v - +6 ring of strength

@: very slightly contaminated
A: no striking features
a: Renounce Religion


You were on level 7 of the Dungeon.
You worshipped Sif Muna.
Sif Muna was noncommittal.
You visited 2 branches of the dungeon, and saw 8 of its levels.

You collected 261 gold pieces.

Inventory:

Hand Weapons
 a - a +1 sling (weapon)
 b - the +12 rapier of Diel {vorpal, Int+3}
   (You found it on level 2 of the Dungeon)

   It inflicts extra damage upon your enemies.
   Int:       It affects your intelligence (+3).
Missiles
 g - 12 poisoned darts
 l - 62 stones
 r - 5 datura-tipped darts
 s - 2 boomerangs
Armour
 c - a +0 robe (worn)
 q - the +1 cloak "Hivis" (worn) {rN++}
   (You found it on level 3 of the Dungeon)

   rN:        It greatly protects you from negative energy.
 w - an orb of energy (worn)
 A - a +1 hat (worn)
Jewellery
 u - a +4 ring of evasion (left hand)
 v - a +6 ring of strength (right hand)
Wands
 y - a wand of charming (8)
Scrolls
 d - a scroll of enchant weapon {unknown}
 e - 2 scrolls of fear
 f - a scroll of vulnerability {unknown}
 i - 2 scrolls of amnesia {unknown}
 j - a scroll of brand weapon {unknown}
 t - a scroll of summoning {unknown}
 x - a scroll of teleportation {unknown}
 z - a scroll of fog {unknown}
 B - 3 scrolls of blinking
Potions
 h - a potion of berserk rage
 k - 7 potions of curing
 m - 3 potions of cancellation
 n - a potion of attraction
 o - 2 potions of flight
 p - a potion of might {unknown}


   Skills:
 - Level 1.0 Fighting
 - Level 6.0 Short Blades
 + Level 6.1 Ranged Weapons
 - Level 4.0 Dodging
 - Level 2.0 Stealth
 + Level 5.1 Spellcasting
 - Level 2.0 Conjurations
 + Level 7.0 Hexes
 - Level 2.0 Necromancy
 + Level 0.2 Translocations
 - Level 2.0 Fire Magic
 + Level 0.7 Invocations
 + Level 0.9 Evocations


You had 2 spell levels left.
You knew the following spells:

 Your Spells              Type           Power      Damage    Failure   Level
a - Slow                  Hex            100%       N/A       1%          1
b - Confusing Touch       Hex            34%        N/A       1%          3
c - Inner Flame           Hex/Fire       24%        N/A       4%          3
d - Portal Projectile     Hex/Tloc       40%        N/A       7%          3
e - Kiss of Death         Conj/Necr      52%        2d9       4%          1
f - Cause Fear            Hex            17%        N/A       6%          4

Your spell library contained the following spells:

 Spells                   Type           Power      Damage    Failure   Level
 Dispel Undead            Necr           13%        3d9       43%         4


Dungeon Overview and Level Annotations

Branches:
Dungeon (7/15)             Temple (1/1) D:6

Altars:
Ashenzari
Dithmenos
Elyvilon
Fedhas
Hepliaklqana
Kikubaaqudgha
Makhleb
Nemelex Xobeh
Okawaru
Ru
Sif Muna
Uskayaw
Wu Jian
Yredelemnul
The Shining One


Message History

You are very lightly contaminated with residual magic.
Nothing appears to happen.
The orc cowers, then darts away.
The gnoll bouda barks out a call to the hunt!
The gnolls pick up the pace!
Casting: Inner Flame (dangerous; 4% risk of failure)
Confirm with . or Enter, or press ? or * to list all spells.
Aiming: Inner Flame (dangerous; 4% risk of failure)
Press: ? - help, Dir - move target, f/p - gnoll
Aim: a gnoll, wielding a +0 flail (covering ground quickly, fleeing, chance to affect: 85%)
Your attack snaps the gnoll out of its fear.
The gnoll is filled with an inner flame.
The sky beast flickers out of sight!
Deactivating autopickup; reactivate with Ctrl-A.
The gnoll bouda gazes fiercely through you!
You feel your attacks grow feeble.
Casting: Inner Flame (dangerous; 4% risk of failure)
Confirm with . or Enter, or press ? or * to list all spells.
Aiming: Slow (safe; 1% risk of failure)
Press: ? - help, Shift-Dir - straight line, f/p - gnoll
Aim: a gnoll, wielding a +0 flail (inner flame, covering ground quickly, chance to affect: 65%)
The gnoll struggles to resist.
A sky beast appears from thin air!
Reactivating autopickup.
The gnoll hits you with a +0 flail!
Casting: Slow (safe; 1% risk of failure)
Confirm with . or Enter, or press ? or * to list all spells.
Aiming: Slow (safe; 1% risk of failure)
Press: ? - help, Shift-Dir - straight line, f/p - gnoll
Aim: a gnoll, wielding a +0 flail (inner flame, covering ground quickly, chance to affect: 65%)
The gnoll seems to slow down.
The gnoll hits you with a +0 flail.
Your attacks no longer feel as feeble.
You shoot a sling bullet. The sling bullet hits the gnoll.
Flame seeps out of the gnoll.
The gnoll is lightly wounded.
The gnoll is engulfed in blazing flames.
Sif Muna accepts your kill.
The gnoll explodes!
The fiery explosion engulfs you!!
Ouch! That really hurt!
You die...

#..... ...
#..... .....#
..... .....# #
#...##.....#
..###...##.....#
...............#
..............!#
.......@.......#
.......§○§.....#
........§......#
........g......#
.........<.<...#
88888888.......#
8888.888.......#
...............#
...8..........#


You could see a gnoll bouda.

Vanquished Creatures
  Prince Ribbit (D:5)
  A water moccasin (D:5)
  4 black bears
  An ogre (D:6)
  A centaur (D:5)
  A phantom (D:4)
  A necrophage (D:5)
  2 scorpions
  A jelly (D:6)
  2 hounds (D:5)
  2 orc priests (D:4)
  5 iguanas
  Robin (D:4)
  6 adders
  6 gnolls
  A white imp (D:5)
  4 worms
  3 dart slugs
  9 orcs
  A ball python (D:5)
  5 endoplasms
  2 giant cockroaches
  10 goblins
  10 hobgoblins
  4 kobolds
  3 quokkas
  4 bats
  A frilled lizard (D:1)
  4 rats
96 creatures vanquished.

Vanquished Creatures (others)
  4 toadstools (D:1)
4 creatures vanquished.

Grand Total: 100 creatures vanquished

Notes
Turn   | Place    | Note
-------+----------+-------------------------------------------
     0 | D:1      | NinjaNoafa the Deep Elf Hexslinger began the quest for the
                  | Orb.
     0 | D:1      | Reached XP level 1. HP: 11/11 MP: 5/5
   178 | D:1      | Reached skill level 1 in Fighting
   400 | D:1      | Reached XP level 2. HP: 16/16 MP: 6/6
   409 | D:1      | Found a faded altar of an unknown god.
   945 | D:2      | Reached XP level 3. HP: 17/20 MP: 7/7
  1355 | D:2      | Identified the +12 rapier of Diel {vorpal, Int+3}
  1448 | D:2      | Reached skill level 1 in Stealth
  1477 | D:2      | Reached XP level 4. HP: 15/25 MP: 6/8
  2303 | D:3      | Identified the +1 cloak "Hivis" {rN++}
  2309 | D:3      | Reached skill level 1 in Short Blades
  2803 | D:4      | Noticed a phantom
  2819 | D:4      | Killed a phantom
  2820 | D:4      | Reached XP level 5. HP: 17/29 MP: 3/9
  3065 | D:4      | Noticed Robin
  3075 | D:4      | Learned a level 3 spell: Confusing Touch
  3077 | D:4      | Noticed a black bear
  3173 | D:4      | Killed Robin
  3312 | D:4      | Killed a black bear
  3313 | D:4      | Reached XP level 6. HP: 13/34 MP: 5/12
  3691 | D:5      | Entered Level 5 of the Dungeon
  3709 | D:5      | Reached skill level 5 in Hexes
  4035 | D:5      | Reached XP level 7. HP: 34/38 MP: 14/14
  4262 | D:5      | Reached skill level 6 in Hexes
  4267 | D:5      | Learned a level 3 spell: Inner Flame
  4433 | D:5      | Noticed Prince Ribbit
  4478 | D:5      | Killed Prince Ribbit
  4479 | D:5      | Reached skill level 1 in Conjurations
  4479 | D:5      | Reached skill level 1 in Necromancy
  4479 | D:5      | Reached skill level 1 in Fire Magic
  4528 | D:5      | Reached skill level 5 in Short Blades
  4530 | D:5      | Learned a level 1 spell: Kiss of Death
  4633 | D:5      | Reached XP level 8. HP: 9/43 MP: 12/17
  4639 | D:5      | HP: 2/43 [poisoned by a water moccasin]
  5381 | D:6      | Reached skill level 5 in Ranged Weapons
  5381 | D:6      | Reached skill level 5 in Spellcasting
  5411 | D:6      | Found a staircase to the Ecumenical Temple.
  5614 | Temple   | Entered the Ecumenical Temple
  5614 | Temple   | Found a transporter.
  5614 | Temple   | Found a transporter.
  5617 | Temple   | Found a transporter.
  5617 | Temple   | Found a transporter.
  5641 | Temple   | Became a worshipper of Sif Muna the Loreminder
  5749 | D:6      | Reached skill level 7 in Hexes
  5946 | D:6      | Learned a level 3 spell: Portal Projectile
  6444 | D:6      | Learned a level 4 spell: Cause Fear
  6455 | D:7      | Killed by an exploding gnoll... ignited by their inner
                  | flame

Illustrated notes

Levels and vault maps discovered:
D:1:      ldierk_walled_garden_2, layout_loops_ring,
          shapermc_ecumenical_altar_starsandcircs, minmay_misc_feat_roman,
          hangedman_decor_push
D:2:      layout_basic, hangedman_decor_growths
D:3:      layout_rooms
D:4:      layout_basic, uniq_robin
D:5:      layout_basic, kennysheep_generic_room_13, uniq_prince_ribbit1
D:6:      layout_loops_ring, temple_doors_e
D:7:      layout_gridville, mainiacjoe_overflow_tiny_flanked,
          grunt_qazlal_clouds, enter_bailey_2, hellmonk_bongcloud_opening
Temple:   hellmonk_temple_divided_pantheon

Skill      XL: |  1  2  3  4  5  6  7  8 |
---------------+-------------------------+-----
Fighting       | 1 |  1.0
Ranged Weapons | 3 4 6 |  6.1
Stealth        | 1 2 |  2.0
Dodging        | 3 4 |  4.0
Short Blades   | 2 3 4 5 6 |  6.0
Spellcasting   | 2 3 4 5 |  5.1
Hexes          | 5 6 7 |  7.0
Conjurations   | 1 2 |  2.0
Necromancy     | 2 |  2.0
Fire Magic     | 1 2 |  2.0
Translocations | |  0.2
Invocations    | |  0.7
Evocations     | |  0.9

Action                   |  1- 3 |  4- 6 |  7- 9 || total
-------------------------+-------+-------+-------++-------
Melee: Rapier            |    16 |   104 |    29 ||   149
       Punch             |       |     1 |       ||     1
 Fire: Sling             |    75 |    35 |    40 ||   150
 Cast: Slow              |    18 |    19 |    17 ||    54
       Confusing Touch   |       |     6 |     6 ||    12
       Inner Flame       |       |       |    12 ||    12
       Portal Projectile |       |       |     2 ||     2
       Cause Fear        |       |       |     1 ||     1
  Use: Scroll            |       |     5 |     3 ||     8
 Stab: Sleeping          |       |     1 |       ||     1
       Confused          |       |     1 |       ||     1
Armor: Robe              |    19 |    28 |    13 ||    60
Dodge: Dodged            |    39 |    84 |    45 ||   168

Table legend: (Time is in decaauts)
 A = Elapsed time spent in this place.
 B = Non-inter-level travel time spent in this place.
 C = Inter-level travel time spent in this place.
 D = Time resting spent in this place.
 E = Time spent auto-exploring this place.
 F = Levels seen in this place.
 G = Mean time per level.
                   A        B        C        D        E       F      G
               +--------+--------+--------+--------+--------+-----+--------+
         Total |   6486 |   6050 |    436 |      0 |   4855 |   8 |  810.8 |
       Dungeon |   6445 |   6022 |    423 |      0 |   4851 |   7 |  920.7 |
        Temple |     41 |     28 |     13 |      0 |      4 |   1 |   41.0 |
               +--------+--------+--------+--------+--------+-----+--------+

Top non-repeatable levels by time:
     D:5: 1374 daAuts
     D:4: 1202 daAuts
     D:1: 1180 daAuts
     D:2: 1108 daAuts
     D:6: 1059 daAuts
     D:3: 507 daAuts
  Temple: 41 daAuts
     D:7: 12 daAuts
